Map: Acid Plant LE

Players

BIGZ - Winner!

  • Race: Terran Terran
  • League: Platinum
  • Spawn Location: 11:00

Juxtapose

  • Race: Zerg Zerg
  • League: Platinum
  • Spawn Location: 5:00

VOD

https://youtu.be/YFqHK2-r_HU

Description

This match was very frustrating for me, and so my opponent was doing a great job at his harassment.

Sadly, I thought of Vipers and Blinding Cloud for use against the Planetary Fortresses, but opted for Brood Lords instead. I did not think, until well after the match, about how useful Parasitic Bomb would have been for me.

Time

  • Played on: Feb. 25, 2018, 10:45 a.m.
  • Length: 26:13
Show
View Real Time Build Order
Export as new Build Order

BIGZ Terran - Winner!

Build Orders: Liberator Opening 

Get SALT Encoding   

  12  0:01  SCV  
  13  0:13  SCV  
  14  0:21  Supply Depot  
  14  0:25  SCV  
  15  0:31  Refinery  
  15  0:42  SCV  
  16  0:46  Barracks  
  16  0:54  SCV  
  17  1:00  Refinery  
  17  1:06  SCV  
  18  1:18  SCV  
  19  1:31  SCV  
  20  1:34  Barracks Tech Lab  
  20  1:37  Factory  
  20  1:43  Orbital Command  
  20  1:53  Supply Depot  
  20  1:55  Marine  
  21  2:03  Concussive Shells  
  21  2:08  SCV  
  21  2:15  Marauder  
  24  2:20  Supply Depot  
  24  2:23  Factory Tech Lab  
  24  2:26  SCV  
  25  2:36  Marine  
  26  2:38  SCV  
  26  2:42  Siege Tank  
  30  2:52  Starport, SCV  
  31  3:04  Engineering Bay  
  31  3:05  SCV  
  32  3:08  Marine  
  33  3:13  Supply Depot  
  33  3:14  Liberator  
  33  3:21  SCV  
  37  3:38  Missile Turret  
  37  3:39  SCV  
  38  3:54  Widow Mine  
  41  3:55  SCV  
  41  3:57  Hi-Sec Auto Tracking  
  41  4:01  Missile Turret  
  41  4:05  Missile Turret  
  41  4:07  SCV  
  42  4:18  Command Center  
  42  4:23  Starport Tech Lab  
  42  4:27  Liberator  
  42  4:31  SCV  
  43  4:36  Missile Turret  
  46  4:54  Building Armor  
  46  4:58  Missile Turret  
  46  5:02  SCV  
  47  5:14  Command Center  
  47  5:15  Combat Shields  
  47  5:23  Cloaking Field  
  47  5:29  SCV  
  47  5:30  Marauder  
  47  5:31  Supply Depot  
  50  5:45  SCV  
  51  5:50  Planetary Fortress  
  51  5:57  SCV  
  52  6:09  Missile Turret  
  52  6:11  Refinery, Missile Turret  
  52  6:12  Refinery, Missile Turret  
  52  6:15  SCV  
  53  6:27  SCV  
  54  6:39  SCV  
  55  6:42  Hyperflight Rotors  
  55  6:50  Planetary Fortress  
  55  6:58  Refinery, Missile Turret  
  55  7:00  Refinery, Missile Turret  
  55  7:01  SCV x2, Missile Turret  
  57  7:04  Missile Turret  
  57  7:13  SCV x2  
  59  7:16  Armory  
  59  7:20  Armory  
  59  7:29  SCV x2  
  62  7:30  Starport, SCV  
  62  7:32  Factory Tech Lab  
  62  7:37  Supply Depot  
  62  7:40  Terran Infantry Weapons Level 1  
  62  7:42  SCV x2  
  64  8:05  Terran Ship Weapons Level 1  
  64  8:07  Supply Depot  
  64  8:10  Terran Vehicle And Ship Armor Level 1  
  64  8:14  Banshee x2  
  70  8:22  Starport  
  70  8:25  Factory Tech Lab  
  70  8:26  Starport  
  70  8:30  Supply Depot  
  70  8:39  SCV x3  
  73  8:47  Supply Depot  
  73  8:48  Supply Depot  
  73  8:51  Supply Depot  
  73  8:55  Factory Tech Lab  
  73  9:00  Starport x2  
  73  9:03  Starport Tech Lab  
  73  9:25  Banshee x3, Missile Turret x2  
  73  9:26  Banshee  
  73  9:27  Missile Turret  
  85  9:39  Banshee, Starport Tech Lab  
  88  9:49  Supply Depot  
  88  9:50  Supply Depot  
  88  9:51  Supply Depot, Terran Infantry Weapons Level 2  
  88  9:52  Supply Depot  
  88  9:53  Starport  
  88  9:59  Banshee  
  91  10:03  Terran Ship Weapons Level 2  
  89  10:08  Banshee x2  
  95  10:14  Banshee  
  98  10:22  Missile Turret  
  98  10:25  Missile Turret  
  98  10:28  Missile Turret  
  98  10:30  Banshee  
  98  10:35  Banshee  
  104  10:45  Banshee  
  107  10:51  Banshee  
  108  11:06  Missile Turret  
  108  11:07  Missile Turret  
  108  11:08  Banshee x2  
  114  11:11  Missile Turret  
  114  11:13  Missile Turret  
  114  11:22  Missile Turret  
  114  11:25  Missile Turret  
  114  11:35  Missile Turret  
  114  11:59  Banshee x6  
  132  12:11  Terran Vehicle And Ship Armor Level 2  
  132  12:24  Command Center  
  132  12:41  Banshee  
  132  13:04  Viking x4  
  132  13:05  Viking  
  137  13:24  Viking  
  133  13:34  Viking x3  
  136  13:52  Viking x2  
  102  14:26  Banshee  
  92  14:57  Banshee  
  86  15:37  Command Center  
  84  16:16  Viking x2  
  84  16:17  Viking x2  
  84  16:18  Marine  
  93  16:36  Marine  
  94  16:43  Viking x2  
  98  16:53  Marine  
  79  17:11  Marine  
  80  17:29  Marine  
  81  17:48  Command Center  
  81  17:53  Marine  
  82  18:01  Viking x2  
  86  18:11  Marine  
  87  18:17  Planetary Fortress  
  87  18:29  Marine  
  88  18:36  Refinery  
  88  18:38  Missile Turret x2  
  88  18:39  Missile Turret  
  88  18:40  Missile Turret  
  88  18:41  Missile Turret x2  
  88  18:44  Refinery, SCV x2  
  88  18:47  Marine  
  91  18:56  SCV x2  
  91  19:00  Missile Turret  
  91  19:01  Missile Turret  
  91  19:02  Missile Turret  
  93  19:03  Viking x3  
  93  19:05  Marine, Banshee  
  93  19:08  SCV  
  104  19:20  Planetary Fortress  
  104  19:25  Refinery  
  104  19:28  Refinery  
  104  19:29  SCV x2  
  106  19:40  SCV  
  106  19:41  SCV x2  
  107  19:52  SCV  
  104  19:53  SCV  
  105  20:04  SCV  
  91  20:16  SCV  
  92  20:28  SCV  
  90  20:29  Raven  
  90  20:30  Banshee x5  
  90  20:32  Viking  
  99  21:02  Viking  
  99  21:03  SCV  
  102  21:07  SCV  
  103  21:12  Banshee  
  103  21:13  Viking x2, Banshee x2  
  116  21:24  Missile Turret  
  116  21:31  Missile Turret  
  116  21:33  Missile Turret  
  116  21:37  Viking x2  
  120  21:45  Banshee, Missile Turret  
  123  21:47  Banshee  
  123  21:52  Refinery  
  126  21:59  SCV  
  127  22:02  Banshee  
  127  22:05  Banshee  
  133  22:11  SCV  
  133  22:12  Viking  
  133  22:14  Banshee  
  139  22:23  SCV  
  137  22:39  Marine  
  129  22:50  Banshee  
  129  22:51  Banshee x4  
  138  22:53  Starport Tech Lab  
  138  22:57  Marine, Banshee  
  148  23:08  SCV x2  
  150  23:14  Banshee  
  150  23:15  Marine  
  154  23:20  SCV x2  
  154  23:21  Terran Infantry Armor Level 1  
  156  23:33  Marine, Banshee x2  
  163  23:34  Banshee x2  
  163  23:35  Banshee  
  172  23:50  Marine  
  173  24:06  Banshee x2  
  173  24:08  Marine  
  177  24:16  Banshee x2  
  183  24:17  Banshee x2  
  183  24:21  Command Center  
  183  24:22  Banshee  
  192  24:26  Marine  
  193  24:44  Marine  
  194  24:49  Banshee  
  194  24:51  Banshee  
  155  25:02  Marine  
  114  25:20  Marine  
  102  25:25  Viking x2  
  102  25:26  Viking x3  
  110  25:37  SCV x2  
  112  25:49  SCV x2  
Show
View Real Time Build Order
Export as new Build Order

Juxtapose Zerg 

Build Orders: Hatch First 

Get SALT Encoding   

  12  0:01  Drone  
  13  0:08  Drone  
  14  0:17  Overlord  
  14  0:36  Drone x2  
  16  0:53  Hatchery  
  16  0:55  Drone  
  16  0:59  Extractor  
  16  1:01  Drone  
  16  1:16  Spawning Pool  
  16  1:17  Drone  
  16  1:25  Overlord  
  16  1:29  Drone  
  17  1:37  Drone  
  18  1:50  Drone  
  19  1:55  Drone  
  20  2:03  Queen  
  20  2:06  Queen  
  24  2:11  Metabolic Boost  
  24  2:16  Zergling x2  
  24  2:20  Zergling x2  
  26  2:23  Zergling x2  
  26  2:26  Zergling x2  
  28  2:30  Drone  
  29  2:44  Drone x3  
  32  3:00  Spore Crawler, Overlord  
  32  3:01  Drone x3  
  34  3:07  Spore Crawler  
  33  3:15  Extractor  
  33  3:17  Drone x2  
  33  3:18  Drone  
  35  3:29  Overlord  
  35  3:30  Drone x3  
  38  3:45  Drone x3  
  41  3:53  Evolution Chamber  
  40  3:56  Baneling Nest, Lair  
  39  4:03  Drone x4  
  43  4:11  Queen  
  43  4:14  Zergling x2  
  43  4:15  Zergling x2  
  47  4:21  Zerg Melee Weapons Level 1  
  47  4:25  Drone x2  
  49  4:33  Overlord  
  49  4:46  Pneumatized Carapace  
  49  4:49  Zergling x2  
  49  4:50  Zergling x4  
  49  4:51  Overlord x2  
  52  5:10  Hydralisk Den  
  52  5:11  Drone  
  52  5:13  Drone x3  
  55  5:14  Drone  
  55  5:18  Extractor  
  55  5:19  Extractor  
  54  5:25  Baneling x4  
  54  5:26  Baneling x2  
  54  5:38  Drone x3  
  57  5:44  Grooved Spines, Hydralisk x2  
  57  5:45  Hydralisk x2  
  65  6:03  Overlord x3  
  65  6:15  Zerg Missile Weapons Level 1  
  65  6:21  Queen  
  65  6:24  Hydralisk x5  
  77  6:27  Zergling x6  
  80  6:33  Hatchery  
  79  6:44  Infestation Pit  
  78  6:48  Hydralisk x2  
  78  6:49  Hydralisk  
  83  7:09  Spire  
  82  7:15  Hydralisk  
  82  7:17  Overlord x2  
  84  7:34  Queen  
  84  7:35  Overseer x2  
  84  7:36  Overseer  
  86  7:41  Muscular Augments  
  86  7:50  Drone  
  87  7:58  Drone x4  
  91  8:12  Hive  
  91  8:20  Spore Crawler  
  91  8:23  Drone  
  91  8:24  Drone x3  
  94  8:39  Corruptor  
  94  8:40  Corruptor x3  
  102  8:42  Zergling x4  
  102  8:47  Drone x2  
  106  8:50  Extractor  
  106  8:53  Extractor  
  104  9:01  Overlord x2  
  104  9:22  Corruptor x2  
  104  9:23  Corruptor x2  
  104  9:24  Drone x3  
  115  9:35  Drone  
  115  9:36  Drone x2  
  118  9:44  Corruptor x2  
  122  9:46  Overlord x2  
  122  9:47  Overlord  
  122  9:53  Zerg Ground Armor Level 1  
  122  9:56  Greater Spire  
  115  10:17  Hydralisk x4  
  115  10:18  Hydralisk x2  
  127  10:45  Hydralisk x2  
  127  10:46  Corruptor x2, Hydralisk x2  
  127  10:47  Corruptor  
  127  10:48  Zergling x8  
  127  10:49  Overlord x2  
  145  10:50  Overlord x2  
  142  11:13  Brood Lord x2  
  142  11:15  Brood Lord  
  148  11:24  Brood Lord  
  146  11:50  Brood Lord  
  146  11:51  Brood Lord  
  146  11:52  Corruptor, Overlord  
  152  11:55  Overseer  
  152  12:00  Queen  
  151  12:48  Hydralisk x7  
  162  13:25  Hatchery  
  152  13:44  Hydralisk x5  
  152  13:46  Overseer  
  88  14:55  Spawning Pool  
  88  14:56  Drone x2  
  89  15:33  Spawning Pool  
  88  15:45  Hatchery  
  85  16:20  Spore Crawler  
  84  16:25  Extractor  
  84  16:28  Spore Crawler  
  84  16:29  Spore Crawler  
  79  17:05  Hatchery  
  68  18:34  Spawning Pool  
  67  18:51  Drone x3  
  70  19:21  Lair  
  70  19:27  Spore Crawler  
  69  19:44  Hatchery  
  53  20:28  Overseer x2  
  46  20:31  Overseer  
  46  20:34  Overseer  
  40  20:45  Queen  
  36  20:58  Drone  
  36  21:01  Drone x2  
  36  21:02  Drone  
  36  21:03  Drone x3  
  43  21:05  Spore Crawler  
  42  21:11  Spire  
  42  21:17  Spore Crawler  
  40  21:19  Extractor  
  40  21:21  Queen  
  40  21:22  Hydralisk Den, Drone x2  
  42  21:26  Spore Crawler  
  41  21:35  Infestation Pit  
  40  21:53  Drone x3  
  43  21:56  Spore Crawler  
  43  21:57  Queen  
  43  21:58  Spore Crawler  
  43  22:07  Hydralisk x3  
  49  22:14  Queen  
  49  22:15  Drone  
  52  22:31  Zergling x4  
  52  22:32  Zergling x4  
  52  22:35  Baneling Nest  
  55  22:49  Queen  
  57  22:55  Drone  
  57  22:56  Drone x2  
  60  22:59  Hive  
  60  23:19  Hydralisk  
  60  23:20  Hydralisk  
  60  23:25  Queen  
  66  23:28  Corruptor x5  
  76  23:37  Baneling x2  
  76  23:38  Baneling x3  
  76  23:41  Drone  
  76  23:42  Drone  
  76  23:45  Extractor  
  77  24:00  Spore Crawler  
  77  24:02  Drone x3, Spore Crawler  
  78  24:16  Drone x4  
  82  24:17  Corruptor x2  
  82  24:18  Corruptor  
  88  24:25  Extractor  
  88  24:27  Spore Crawler  
  88  24:30  Hydralisk x2  
  90  24:32  Greater Spire  
  90  24:38  Corruptor  
  92  24:47  Spore Crawler  
  42  25:23  Corruptor x2  
  46  25:32  Hatchery  
  45  25:47  Hatchery  
Tags
 
Add a new tag
Caveats
  • Supply blocks, unpowered buildings, or Contaminate may cause inaccurate times.
  • Supply counts are checked every 10 seconds.